TOP OF THE 1ST |
Kinston Eagles batting - Pitching for Raleigh-Durham Capitals : RHP Randall Evans
|
Pitching: RHP Randall Evans
|
|
Batting: SHB Ted Wilborn
|
0-0: Foul Ball, location: 2F 0-1: Foul Ball, location: 2F 0-2: SINGLE (Groundball, 34S, EV 65.6 MPH) (infield hit)
|
Batting: RHB Brad Wellman
|
0-0: Ball 1-0: Ball Ted Wilborn steals 2nd base 2-0: Called Strike 2-1: Foul Ball, location: 2F 2-2: Ball 3-2: Foul Ball, location: 2F 3-2: DOUBLE (Line Drive, 7LS, EV 108.1 MPH) Ted Wilborn scores
|
Batting: LHB Monte McAbee
|
0-0: Ball 1-0: Ball 2-0: Ball 3-0: Called Strike 3-1: Base on Balls
|
Batting: RHB Wil Culmer
|
0-0: Called Strike 0-1: Ball 1-1: Ball 2-1: Foul Ball, location: 2F 2-2: SINGLE (Line Drive, 89M, EV 91.9 MPH) Brad Wellman to third Monte McAbee to second
|
Batting: SHB Chris Gonzalez
|
0-0: Ball 1-0: Ball 2-0: SINGLE (Line Drive, 89S, EV 90.0 MPH) Brad Wellman scores Monte McAbee to third Wil Culmer to second
|
Batting: RHB Juan Perez
|
0-0: Called Strike 0-1: Ball 1-1: Ball 2-1: Foul Ball, location: 2F 2-2: Grounds into double play, 4-6-3 (Groundball, 4, EV 81.9 MPH) Monte McAbee scores Wil Culmer to third
|
Batting: RHB Juan Orona
|
0-0: Fly out, F7 (Line Drive, 7D, EV 93.1 MPH)
|
Top of the 1st over - 3 runs, 4 hits, 0 errors, 1 left on base; Kinston 3 - Raleigh-Durham 0 |
BOTTOM OF THE 1ST |
Raleigh-Durham Capitals batting - Pitching for Kinston Eagles : RHP Roger Doubleday
|
Pitching: RHP Roger Doubleday
|
|
Batting: SHB Horace Ransom
|
0-0: Swinging Strike 0-1: Ball 1-1: Ball 2-1: Fly out, F6 (Popup, 6MS, EV 71.9 MPH)
|
Batting: RHB Tony Camara
|
0-0: Ball 1-0: Ball 2-0: Ball 3-0: Called Strike 3-1: Base on Balls
|
Batting: LHB Mark Reynolds
|
0-0: Ball 1-0: Foul Ball, location: 2F 1-1: Grounds into double play, 4-6-3 (Groundball, 4, EV 104.4 MPH)
|
Bottom of the 1st over - 0 runs, 0 hits, 0 errors, 0 left on base; Kinston 3 - Raleigh-Durham 0 |
TOP OF THE 2ND |
Kinston Eagles batting - Pitching for Raleigh-Durham Capitals : RHP Randall Evans
|
Batting: RHB Igor Roosendaal
|
0-0: Foul Ball, location: 2F 0-1: Foul Ball, location: 2F 0-2: Ball 1-2: Ball 2-2: Ball 3-2: Base on Balls
|
Batting: RHB Guadalupe Garcia
|
0-0: Swinging Strike Passed Ball! Igor Roosendaal to second 0-1: Called Strike 0-2: Ground out 1-3 (Groundball, P, EV 65.6 MPH) Igor Roosendaal to third
|
Batting: SHB Ted Wilborn
|
0-0: Ball 1-0: Called Strike 1-1: Foul Ball, location: 2F 1-2: Fly out, F7 (Flyball, 7D, EV 104.4 MPH) Runner from 3rd tags up, SCORES, throw by LF
|
Batting: RHB Brad Wellman
|
0-0: Ball 1-0: Ball 2-0: Ball 3-0: Called Strike 3-1: Base on Balls
|
Batting: LHB Monte McAbee
|
0-0: Ball 1-0: Ball 2-0: Ball 3-0: Base on Balls Brad Wellman to second
|
Batting: RHB Wil Culmer
|
0-0: Fly out, F9 (Flyball, 9, EV 88.8 MPH)
|
Top of the 2nd over - 1 run, 0 hits, 0 errors, 2 left on base; Kinston 4 - Raleigh-Durham 0 |
BOTTOM OF THE 2ND |
Raleigh-Durham Capitals batting - Pitching for Kinston Eagles : RHP Roger Doubleday
|
Batting: RHB Christopher Barbone
|
0-0: Called Strike 0-1: Ball 1-1: Foul Ball, location: 2F 1-2: Foul Ball, location: 2F 1-2: SINGLE (Groundball, 6MS, EV 61.9 MPH) (infield hit)
|
Batting: RHB Richard Ferchen
|
0-0: Reached on error, E5 (Groundball, 5, EV 90.0 MPH) Christopher Barbone to second
|
Batting: RHB Michael Wright
|
0-0: Foul Ball, location: 2F 0-1: Ball 1-1: Foul Ball, location: 2F 1-2: Ball 2-2: Fly out, F8 (Flyball, 8LD, EV 101.3 MPH) Runner from 2nd tags up, SAFE at 3rd with throw by CF
|
Batting: RHB Luis Brito
|
0-0: Ball 1-0: Ball 2-0: Called Strike 2-1: Fielders Choice at 2nd, 4-6 (Groundball, 4, EV 98.1 MPH) Christopher Barbone scores
|
Batting: RHB Marshall Burk
|
0-0: Called Strike 0-1: Ball 1-1: Ball 2-1: Swinging Strike 2-2: Foul Ball, location: 2F 2-2: Ball Luis Brito steals 2nd, throwing error, E2 Luis Brito to third 3-2: Fly out, F8 (Flyball, 89D, EV 96.9 MPH)
|
Bottom of the 2nd over - 1 run, 1 hit, 2 errors, 1 left on base; Kinston 4 - Raleigh-Durham 1 |
TOP OF THE 3RD |
Kinston Eagles batting - Pitching for Raleigh-Durham Capitals : RHP Randall Evans
|
Batting: SHB Chris Gonzalez
|
0-0: Ball 1-0: Ball 2-0: Ball 3-0: Base on Balls
|
Batting: RHB Juan Perez
|
0-0: Fielders Choice at 2nd, 4-6 (Groundball, 4, EV 78.1 MPH)
|
Batting: RHB Juan Orona
|
0-0: Called Strike 0-1: Ball 1-1: Ball Wild Pitch! Juan Perez to second 2-1: Called Strike 2-2: Ground out U3 (Groundball, 34, EV 101.3 MPH) Juan Perez to third
|
Batting: RHB Igor Roosendaal
|
0-0: Fly out, F3 (Popup, 3SF, EV 77.5 MPH)
|
Top of the 3rd over - 0 runs, 0 hits, 0 errors, 1 left on base; Kinston 4 - Raleigh-Durham 1 |
BOTTOM OF THE 3RD |
Raleigh-Durham Capitals batting - Pitching for Kinston Eagles : RHP Roger Doubleday
|
Batting: LHB Eugene Raineri
|
0-0: Called Strike 0-1: Ball 1-1: Called Strike 1-2: Ball 2-2: SINGLE (Groundball, 6M, EV 95.0 MPH)
|
Batting: SHB Horace Ransom
|
0-0: Called Strike 0-1: Ball Eugene Raineri steals 2nd base 1-1: Foul Ball, location: 2F 1-2: Ball 2-2: SINGLE (Groundball, 6S, EV 61.3 MPH) (infield hit) Eugene Raineri to third
|
Batting: RHB Tony Camara
|
0-0: Swinging Strike 0-1: Ball 1-1: Ball 2-1: Grounds into double play, 6-4-3 (Groundball, 6, EV 88.8 MPH) Eugene Raineri scores
|
Batting: LHB Mark Reynolds
|
0-0: Swinging Strike 0-1: Ball 1-1: Fly out, F6 (Popup, 5D, EV 63.1 MPH)
|
Bottom of the 3rd over - 1 run, 2 hits, 0 errors, 0 left on base; Kinston 4 - Raleigh-Durham 2 |
TOP OF THE 4TH |
Kinston Eagles batting - Pitching for Raleigh-Durham Capitals : RHP Randall Evans
|
Batting: RHB Guadalupe Garcia
|
0-0: Ground out U3 (Groundball, 34, EV 85.0 MPH)
|
Batting: SHB Ted Wilborn
|
0-0: Ground out 2-3 (Groundball, 15S, EV 68.8 MPH)
|
Batting: RHB Brad Wellman
|
0-0: Called Strike 0-1: Ground out 4-3 (Groundball, 4, EV 80.0 MPH)
|
Top of the 4th over - 0 runs, 0 hits, 0 errors, 0 left on base; Kinston 4 - Raleigh-Durham 2 |
BOTTOM OF THE 4TH |
Raleigh-Durham Capitals batting - Pitching for Kinston Eagles : RHP Roger Doubleday
|
Batting: RHB Christopher Barbone
|
0-0: Called Strike 0-1: Called Strike 0-2: Ball 1-2: Ball 2-2: Foul Ball, location: 2F 2-2: Ball 3-2: Ground out 5-3 (Groundball, 56S, EV 58.1 MPH)
|
Batting: RHB Richard Ferchen
|
0-0: Ball 1-0: Ball 2-0: Ground out 1-3 (Groundball, P, EV 69.4 MPH)
|
Batting: RHB Michael Wright
|
0-0: SINGLE (Line Drive, 9S, EV 96.3 MPH)
|
Batting: RHB Luis Brito
|
0-0: Ball 1-0: Foul Ball, location: 2F 1-1: Foul Ball, location: 2F 1-2: Strikes out swinging
|
Bottom of the 4th over - 0 runs, 1 hit, 0 errors, 1 left on base; Kinston 4 - Raleigh-Durham 2 |
TOP OF THE 5TH |
Kinston Eagles batting - Pitching for Raleigh-Durham Capitals : RHP Randall Evans
|
Batting: LHB Monte McAbee
|
0-0: Called Strike 0-1: Foul Ball, location: 2F 0-2: SINGLE (Line Drive, 4MD, EV 98.8 MPH)
|
Batting: RHB Wil Culmer
|
0-0: Ball 1-0: Ball 2-0: 2-RUN HOME RUN (Flyball, 7LD, EV 106.3 MPH), Distance : 357 ft
|
Pitching: LHP Augie Ruiz
|
|
Batting: SHB Chris Gonzalez
|
0-0: Called Strike 0-1: Called Strike 0-2: Ball 1-2: Foul Ball, location: 2F 1-2: Foul Ball, location: 2F 1-2: Strikes out swinging
|
Batting: RHB Juan Perez
|
0-0: Ball 1-0: Ground out 4-3 (Groundball, 4, EV 97.5 MPH)
|
Batting: RHB Juan Orona
|
0-0: Ball 1-0: Called Strike 1-1: Ball 2-1: Ball 3-1: Base on Balls
|
Batting: RHB Igor Roosendaal
|
0-0: Ball 1-0: Ball 2-0: Fielders Choice at 2nd, 5-4 (Groundball, 5, EV 81.9 MPH)
|
Top of the 5th over - 2 runs, 2 hits, 0 errors, 1 left on base; Kinston 6 - Raleigh-Durham 2 |
BOTTOM OF THE 5TH |
Raleigh-Durham Capitals batting - Pitching for Kinston Eagles : RHP Roger Doubleday
|
Batting: RHB Marshall Burk
|
0-0: Called Strike 0-1: Ball 1-1: Ball 2-1: Called Strike 2-2: Foul Ball, location: 2F 2-2: Reached on error, E4 (Groundball, 4, EV 105.0 MPH)
|
Batting: LHB Eugene Raineri
|
0-0: Ball 1-0: Swinging Strike 1-1: Foul Ball, location: 2F 1-2: Fly out, F7 (Flyball, 78D, EV 102.5 MPH)
|
Batting: SHB Horace Ransom
|
0-0: SINGLE (Line Drive, 78M, EV 102.5 MPH) Marshall Burk to second
|
Batting: RHB Tony Camara
|
0-0: Ball 1-0: Ball 2-0: Grounds into double play, 1-6-3 (Groundball, 34S, EV 62.5 MPH)
|
Bottom of the 5th over - 0 runs, 1 hit, 1 error, 1 left on base; Kinston 6 - Raleigh-Durham 2 |
TOP OF THE 6TH |
Kinston Eagles batting - Pitching for Raleigh-Durham Capitals : LHP Augie Ruiz
|
Batting: RHB Guadalupe Garcia
|
0-0: Swinging Strike 0-1: Ball 1-1: Single, Error in OF, E7, batter to second base (Groundball, 56D, EV 101.3 MPH)
|
Batting: SHB Ted Wilborn
|
0-0: Called Strike 0-1: Foul Ball, location: 2F 0-2: Ball 1-2: Foul Ball, location: 2F 1-2: Ball 2-2: Foul Ball, location: 2F 2-2: Strikes out swinging
|
Batting: RHB Brad Wellman
|
0-0: Ball 1-0: Ball 2-0: Ball 3-0: Called Strike 3-1: Fly out, F7 (Line Drive, 7D, EV 101.9 MPH)
|
Batting: LHB Monte McAbee
|
0-0: Ball 1-0: Ball 2-0: Ball 3-0: Base on Balls
|
Batting: RHB Wil Culmer
|
0-0: Ball 1-0: Ball 2-0: Fielders Choice at 2nd, 6-4 (Groundball, 6, EV 88.1 MPH)
|
Top of the 6th over - 0 runs, 1 hit, 1 error, 2 left on base; Kinston 6 - Raleigh-Durham 2 |
BOTTOM OF THE 6TH |
Raleigh-Durham Capitals batting - Pitching for Kinston Eagles : RHP Roger Doubleday
|
Batting: LHB Mark Reynolds
|
0-0: Fly out, F9 (Flyball, 9, EV 91.9 MPH)
|
Batting: RHB Christopher Barbone
|
0-0: Called Strike 0-1: Called Strike 0-2: Foul Ball, location: 2F 0-2: Foul Ball, location: 2F 0-2: Ball 1-2: Ball 2-2: Strikes out swinging
|
Batting: RHB Richard Ferchen
|
0-0: Ball 1-0: Fly out, F8 (Flyball, 8LS, EV 85.6 MPH)
|
Bottom of the 6th over - 0 runs, 0 hits, 0 errors, 0 left on base; Kinston 6 - Raleigh-Durham 2 |
TOP OF THE 7TH |
Kinston Eagles batting - Pitching for Raleigh-Durham Capitals : LHP Augie Ruiz
|
Batting: SHB Chris Gonzalez
|
0-0: Swinging Strike 0-1: Ball 1-1: Swinging Strike 1-2: Ball 2-2: Ball 3-2: Fly out, F9 (Flyball, 9LS, EV 85.6 MPH)
|
Batting: RHB Juan Perez
|
0-0: Ball 1-0: Called Strike 1-1: Foul Ball, location: 2F 1-2: Foul Ball, location: 2F 1-2: SINGLE (Groundball, 6MD, EV 93.8 MPH)
|
Pitching: RHP Alan Owens
|
|
Batting: RHB Juan Orona
|
0-0: Reached on error, E7 (Flyball, 7, EV 82.5 MPH) Juan Perez to second
|
Batting: RHB Igor Roosendaal
|
0-0: Foul Ball, location: 2F 0-1: Swinging Strike 0-2: Strikes out swinging
|
Batting: RHB Guadalupe Garcia
|
0-0: Ball 1-0: Ground out 4-3 (Groundball, 4, EV 78.1 MPH)
|
Top of the 7th over - 0 runs, 1 hit, 1 error, 2 left on base; Kinston 6 - Raleigh-Durham 2 |
BOTTOM OF THE 7TH |
Raleigh-Durham Capitals batting - Pitching for Kinston Eagles : RHP Roger Doubleday
|
Batting: RHB Michael Wright
|
0-0: Ball 1-0: Called Strike 1-1: SINGLE (Groundball, 34S, EV 88.1 MPH) (infield hit)
|
Batting: RHB Luis Brito
|
0-0: Called Strike 0-1: Called Strike 0-2: Foul Ball, location: 2F 0-2: Foul Ball, location: 2F 0-2: Ball 1-2: Ball 2-2: Ball 3-2: SINGLE (Groundball, 6D, EV 94.4 MPH) Michael Wright to second
|
Batting: RHB Marshall Burk
|
0-0: Foul Ball, location: 2F 0-1: Foul Ball, location: 2F 0-2: SINGLE (Line Drive, 56, EV 105.0 MPH) Michael Wright to third Luis Brito to second
|
Batting: LHB Eugene Raineri
|
0-0: Ball 1-0: Ball 2-0: Fly out, F4 (Line Drive, 4, EV 61.3 MPH)
|
Batting: SHB Horace Ransom
|
0-0: Called Strike 0-1: Ball 1-1: SINGLE (Groundball, 6, EV 98.1 MPH) Michael Wright scores Luis Brito to third Marshall Burk to second Runner from 3rd tries for Home, SAFE, throw by CF to trailing runner, OUT at third! 8-3-5
|
Batting: RHB Tony Camara
|
0-0: Ball 1-0: Foul Ball, location: 2F 1-1: Ball 2-1: Fielders Choice at 2nd, 5-4 (Groundball, 56, EV 81.9 MPH)
|
Bottom of the 7th over - 2 runs, 4 hits, 0 errors, 1 left on base; Kinston 6 - Raleigh-Durham 4 |
TOP OF THE 8TH |
Kinston Eagles batting - Pitching for Raleigh-Durham Capitals : RHP Alan Owens
|
Batting: SHB Ted Wilborn
|
0-0: Ground out 3-1 (Groundball, 34S, EV 83.1 MPH)
|
Batting: RHB Brad Wellman
|
0-0: Swinging Strike 0-1: Foul Ball, location: 2F 0-2: Ball 1-2: Ball 2-2: Foul Ball, location: 2F 2-2: Fly out, F8 (Flyball, 8RM, EV 77.5 MPH)
|
Batting: LHB Monte McAbee
|
0-0: Ball 1-0: Foul Ball, location: 2F 1-1: Ball 2-1: Ball 3-1: Called Strike 3-2: Foul Ball, location: 2F 3-2: DOUBLE (Line Drive, 7LM, EV 109.4 MPH)
|
Batting: RHB Wil Culmer
|
0-0: Foul Ball, location: 2F 0-1: Ball 1-1: Ball 2-1: Ball 3-1: Base on Balls
|
Batting: SHB Chris Gonzalez
|
0-0: Ball 1-0: Ball 2-0: Ball Wild Pitch! Monte McAbee to third Wil Culmer to second 3-0: Called Strike 3-1: Base on Balls
|
Batting: RHB Juan Perez
|
0-0: Called Strike 0-1: Foul Ball, location: 2F 0-2: Ball 1-2: Foul Ball, location: 2F 1-2: Ground out 4-3 (Groundball, 4, EV 86.9 MPH)
|
Top of the 8th over - 0 runs, 1 hit, 0 errors, 3 left on base; Kinston 6 - Raleigh-Durham 4 |
BOTTOM OF THE 8TH |
Raleigh-Durham Capitals batting - Pitching for Kinston Eagles : RHP Roger Doubleday
|
Batting: LHB Mark Reynolds
|
0-0: Ball 1-0: Ball 2-0: Ball 3-0: Base on Balls
|
Batting: RHB Christopher Barbone
|
0-0: Foul Ball, location: 2F 0-1: Fly out, F9 (Line Drive, 9, EV 102.5 MPH)
|
Batting: RHB Richard Ferchen
|
0-0: Ball 1-0: Called Strike 1-1: Foul Ball, location: 2F 1-2: Foul Ball, location: 2F 1-2: Grounds into double play, 4-6-3 (Groundball, 4, EV 88.1 MPH)
|
Bottom of the 8th over - 0 runs, 0 hits, 0 errors, 0 left on base; Kinston 6 - Raleigh-Durham 4 |
TOP OF THE 9TH |
Kinston Eagles batting - Pitching for Raleigh-Durham Capitals : RHP Alan Owens
|
Batting: RHB Juan Orona
|
0-0: Ball 1-0: Ball 2-0: Ball 3-0: Base on Balls
|
Batting: RHB Igor Roosendaal
|
0-0: Ball 1-0: Foul Ball, location: 2F 1-1: Sac Bunt to 13 - play at first, batter OUT! 1-3 Juan Orona to second
|
Pitching: RHP Alex Neely
|
|
Batting: RHB Guadalupe Garcia
|
0-0: Ball 1-0: SINGLE (Groundball, 25, EV 66.9 MPH) (infield hit) Juan Orona to third
|
Batting: SHB Ted Wilborn
|
0-0: Called Strike Guadalupe Garcia steals 2nd base 0-1: Foul Ball, location: 2F 0-2: Ball 1-2: Reached on error, E1 (Groundball, 15S, EV 71.3 MPH) Juan Orona scores Guadalupe Garcia scores
|
Batting: RHB Brad Wellman
|
0-0: Foul Ball, location: 2F 0-1: Foul Ball, location: 2F 0-2: Foul Ball, location: 2F 0-2: Fly out, F9 (Flyball, 89XD, EV 99.4 MPH) Runner from 2nd tags up, SAFE at 3rd, no throw by RF
|
Batting: LHB Monte McAbee
|
0-0: Ball 1-0: Foul Ball, location: 2F 1-1: Swinging Strike 1-2: Strikes out swinging
|
Top of the 9th over - 2 runs, 1 hit, 1 error, 1 left on base; Kinston 8 - Raleigh-Durham 4 |
BOTTOM OF THE 9TH |
Raleigh-Durham Capitals batting - Pitching for Kinston Eagles : RHP Roger Doubleday
|
Pitching: RHP Marvin Adams
|
|
Batting: RHB Michael Wright
|
0-0: Ground out 6-3 (Groundball, 6, EV 98.8 MPH)
|
Batting: RHB Luis Brito
|
0-0: Ball 1-0: Ball 2-0: Called Strike 2-1: Swinging Strike 2-2: Ball 3-2: Foul Ball, location: 2F 3-2: Base on Balls
|
Batting: RHB Marshall Burk
|
0-0: Foul Ball, location: 2F 0-1: Ball 1-1: Fielders Choice at 2nd, 3-6 (Groundball, 34S, EV 82.5 MPH)
|
Batting: LHB Eugene Raineri
|
0-0: Called Strike 0-1: Ball 1-1: Called Strike 1-2: Strikes out swinging
|
Bottom of the 9th over - 0 runs, 0 hits, 0 errors, 1 left on base; Kinston 8 - Raleigh-Durham 4 |
|